 Dungeon Crawl Stone Soup version 0.28.0-43-g3370ac3207 (console) character file.

Game seed: 8311577556282221293

4 Zeor the Chiller (level 1, 0/10 HPs)
             Began as a Deep Elf Ice Elementalist on Mar 14, 2022.
             Succumbed to a kobold's poison
             ... on level 1 of the Dungeon.
             The game lasted 00:01:14 (405 turns).

Zeor the Chiller (Deep Elf Ice Elementalist)         Turns: 405, Time: 00:01:14

Health: 0/10       AC:  2    Str:  5    XL:     1   Next: 58%
Magic:  3/6        EV: 12    Int: 19    God:
Gold:   64         SH:  0    Dex: 15    Spells: 5/6 levels left

rFire   . . .      SeeInvis .   e - +0 dagger
rCold   . . .      Faith    .   (no shield)
rNeg    . . .      Spirit   .   a - +0 robe
rPois   .          Reflect  .   (no helmet)
rElec   .          Harm     .   (no cloak)
rCorr   .          Rampage  .   (no gloves)
Will    .....                   (no boots)
Stlth   ++........              (no amulet)
HPRegen 0.03/turn               (no ring)
MPRegen 0.10/turn               (no ring)

@: lethally poisoned (0 -> -6), very slightly contaminated
A: no striking features
a: no special abilities


You were on level 1 of the Dungeon.
You visited 1 branch of the dungeon, and saw 1 of its levels.

You collected 64 gold pieces.

Inventory:

Hand Weapons
 e - a +0 dagger (weapon)
Armour
 a - a +0 robe (worn)
Scrolls
 b - a scroll of enchant weapon {unknown}
 c - a scroll of teleportation {unknown}
 d - a scroll of identify {unknown}


   Skills:
 + Level 2.4 Dodging
 + Level 2.4 Stealth
 * Level 3.0 Spellcasting
 + Level 4.6 Ice Magic


You had 5 spell levels left.
You knew the following spells:

 Your Spells              Type           Power      Damage    Failure   Level
a - Freeze                Ice            80%        1d9       2%          1

Your spell library contained the following spells:

 Spells                   Type           Power      Damage    Failure   Level
 Frozen Ramparts          Ice            40%        1d6       7%          3
 Ozocubu's Armour         Ice            20%        N/A       7%          3
 Hailstorm                Conj/Ice       11%        3d5       50%         4


Dungeon Overview and Level Annotations

Branches:
Dungeon (1/15)

Altars:


Message History

You kill the rat!
You now have 49 gold pieces (gained 16).
Found 20 stones.
A kobold comes into view. It is wielding a +1 dagger of venom.
Found a golden potion.
The kobold shouts!
You hear a shout!
You see here 15 gold pieces.
You now have 64 gold pieces (gained 15).
Casting: Freeze (safe; 2% risk of failure)
Confirm with . or Enter, or press ? or * to list all spells.
Aiming: Freeze (safe; 2% risk of failure)
Press: ? - help, Shift-Dir - straight line, f - kobold
Aim: a kobold, wielding a +1 dagger of venom You freeze the kobold.
The kobold is severely wounded.
The kobold hits you with a +1 dagger of venom.
You are lethally poisoned!
Casting: Freeze (safe; 2% risk of failure)
Confirm with . or Enter, or press ? or * to list all spells.
Aiming: Freeze (safe; 2% risk of failure)
Press: ? - help, Shift-Dir - straight line, f/p - kobold
Aim: a kobold, wielding a +1 dagger of venom (severely wounded)
You miscast Freeze.
You are very lightly contaminated with residual magic.
Nothing appears to happen.
You feel very sick. The kobold closely misses you.
Casting: Freeze (safe; 2% risk of failure)
Confirm with . or Enter, or press ? or * to list all spells.
Aiming: Freeze (safe; 2% risk of failure)
Press: ? - help, Shift-Dir - straight line, f/p - kobold
Aim: a kobold, wielding a +1 dagger of venom (heavily wounded)
You freeze the kobold.
You kill the kobold!
* * * LOW HITPOINT WARNING * * *
You feel sick.
You aren't carrying any potions.
* * * LOW HITPOINT WARNING * * *
You feel sick.
You die... ▒▒▒▒▒▒ ▒▒▒∙(∙∙▒▒ ∙∙∙∙∙∙∙

▒∙∙∙∙▒ ▒∙∙∙∙▒ ▒▒
▒∙∙▒▒∙∙∙∙▒▒∙∙▒∙▒▒
▒∙∙!∙∙e∙∙)∙∙∙∙∙∙
▒∙∙▒▒▒∙∙▒▒▒∞∙▒▒▒
▒∙∙∙∙▒∙∙▒∙▒
▒∙▒▒▒∙∙▒▒▒∙∙▒∙
▒∙∙^∙∙∙∙∙∙∙∙∙∙
▒∙▒▒▒∙∙▒▒▒∙∙▒▒▒
▒∙∙∙∙∙∙▒∙∙∙∙▒ ▒∙
▒∙▒▒▒∙∙▒▒▒∙∙▒▒▒∙▒
▒∙
▒∙∙∙∙∙∙∙∙∙∙∙∙∙∙∙▒


There were no monsters in sight!

Vanquished Creatures
  A goblin (D:1)
  A ball python (D:1)
  2 kobolds (D:1)
  A rat (D:1)
5 creatures vanquished.

Notes
Turn   | Place    | Note
-------+----------+-------------------------------------------
     0 | D:1      | Zeor the Deep Elf Ice Elementalist began the quest for the
                  | Orb.
     0 | D:1      | Reached XP level 1. HP: 10/10 MP: 6/6
   405 | D:1      | Succumbed to a kobold's poison

Illustrated notes

Levels and vault maps discovered:
D:1:      psy_arrival_statuary, layout_basic, minmay_misc_feat_nine_boxes,
          minmay_cut_off

Action                   || total
-------------------------++-------
Melee: Dagger            ||     1
       Unarmed           ||     1
 Cast: Freeze            ||     6
Armor: Robe              ||     1
Dodge: Dodged            ||     2
